 Dungeon Crawl Stone Soup version 0.28.0-45-g0d030f2227 (webtiles) character file.

Game seed: 9125028745846470436

870 KamiKatze the Conjurer (level 8, 0/46 HPs)
             Began as an Octopode Conjurer on Apr 4, 2022.
             Hit by a boomerang thrown by an orc warrior (11 damage)
             ... on level 4 of the Dungeon.
             The game lasted 00:23:27 (5836 turns).

KamiKatze the Conjurer (Octopode Conjurer)          Turns: 5836, Time: 00:23:28

Health: 0/46       AC:  1    Str:  7    XL:     8   Next: 3%
Magic:  2/14       EV: 13    Int: 22    God:
Gold:   873        SH:  0    Dex: 10    Spells: 4/15 levels left

rFire   . . .      SeeInvis .   a - +0 dagger (venom)
rCold   . . .      Faith    .   (no shield)
rNeg    . . .      Spirit   .   (helmet restricted)
rPois   .          Reflect  .   (no amulet)
rElec   .          Harm     .   o - ring of resist corrosion
rCorr   +          Rampage  .   (no ring)
Will    .....                   (no ring)
Stlth   +++.......              (no ring)
HPRegen 0.15/turn               (no ring)
MPRegen 0.14/turn               (no ring)
                                (no ring)
                                (no ring)

@: no status effects
A: almost no armour, amphibious, 8 rings, camouflage 1, gelatinous body 1,
(nimble swimmer 1), tentacles
a: no special abilities


You were on level 4 of the Dungeon.
You visited 2 branches of the dungeon, and saw 6 of its levels.
You also visited: Sewer.

You collected 1291 gold pieces.
You spent 418 gold pieces at shops.

Inventory:

Hand Weapons
 a - a +0 dagger of venom (weapon)
 r - a +0 short sword
Missiles
 b - 154 stones
 h - 4 poisoned darts
Jewellery
 c - an amulet of faith
 l - a ring of ice
 o - a ring of resist corrosion (left tentacle)
Scrolls
 d - 3 scrolls of vulnerability
 f - a scroll of noise {unknown}
 i - 3 scrolls of holy word {unknown}
 k - a scroll of magic mapping
 m - 2 scrolls of silence
 p - a scroll of blinking {unknown}
 q - a scroll of teleportation {unknown}
 w - a scroll of fear {unknown}
 x - a scroll of enchant weapon {unknown}
Potions
 e - a potion of magic
 g - 2 potions of lignification
 j - a potion of might
 n - a potion of haste
 s - a potion of flight
 t - 2 potions of curing
 u - 3 potions of heal wounds
 v - a potion of invisibility


   Skills:
 - Level 3.0 Dodging
 - Level 4.0 Stealth
 * Level 4.3 Spellcasting
 * Level 6.0 Conjurations
 * Level 3.5 Hexes
 * Level 3.4 Translocations


You had 4 spell levels left.
You knew the following spells:

 Your Spells              Type           Power      Damage    Failure   Level
a - Magic Dart            Conj           100%       1d8       1%          1
b - Searing Ray           Conj           62%        2d6       1%          2
c - Fulminant Prism       Conj/Hex       12%        3d9       16%         4
d - Iskenderun's Mystic   Conj/Tloc      25%        2d7       16%         4

Your spell library contained the following spells:

 Spells                   Type           Power      Damage    Failure   Level
 Dazzling Flash           Conj/Hex       50%        N/A       4%          3
 Stone Arrow              Conj/Erth      36%        3d9       10%         3
 Beastly Appendage        Tmut           8%         N/A       11%         1
 Sandblast                Erth           8%         2d5       11%         1
 Sting                    Tmut/Pois      16%        1d3       11%         1
 Passwall                 Tmut/Erth      3%         N/A       16%         2
 Poisonous Vapours        Pois/Air       8%         N/A       16%         2
 Wereblood                Tmut           4%         N/A       16%         2
 Frozen Ramparts          Ice            8%         1d2       32%         3
 Spider Form              Tmut/Pois      4%         N/A       32%         3
 Ice Form                 Ice/Tmut       4%         N/A       71%         4
 Olgreb's Toxic Radiance  Pois           4%         N/A       71%         4
 Summon Ice Beast         Ice/Summ       4%         N/A       71%         4


Dungeon Overview and Level Annotations

Branches:
Dungeon (5/15)             Temple (1/1) D:4           Sewer (visited)

Altars:
Ashenzari
Cheibriados
Dithmenos
Gozag
Hepliaklqana
Nemelex Xobeh
Okawaru
Ru
Trog
Wu Jian
Zin

Shops:
D:1 !

Annotations:
D:4 Ijyb


Innate Abilities, Weirdness & Mutations

You cannot wear most types of armour.
You are amphibious.
You can wear up to eight rings at the same time.
Your skin changes colour to match your surroundings (Stealth+).
Your rubbery body absorbs attacks. (AC +1, EV +1)
((You are camouflaged when in or above water. (Stealth+)))
You have tentacles for arms and can constrict up to eight enemies at once.


Message History

Casting: Iskenderun's Mystic Blast (quite dangerous; 16% risk of failure)
Confirm with . or Enter, or press ? or * to list all spells.
The spell is quite dangerous to miscast (16% risk of failure)!
Continue anyway?
You erupt in a blast of force!
The mystic blast hits the orc warrior but does no damage.
The orc warrior is severely wounded.
The mystic blast hits Ijyb!
Ijyb is severely wounded.
Ijyb is knocked back by the mystic blast.
Unknown command.
Unknown command.
Casting: Iskenderun's Mystic Blast (quite dangerous; 16% risk of failure)
Confirm with . or Enter, or press ? or * to list all spells.
Aiming: Searing Ray (safe; 1% risk of failure)
Press: ? - help, Shift-Dir - straight line, f - Ijyb
Aim: Ijyb, wielding a +0 club and wearing a +0 leather armour (severely wounded, 74% to hit)
The searing ray hits Ijyb.
Ijyb is almost dead. (Press . to maintain the ray.) Ijyb drinks a potion.
Ijyb is healed!
The orc warrior misses you.
The searing ray hits Ijyb.
Ijyb is heavily wounded.
Ijyb drinks a potion.
Ijyb is healed!
The orc warrior barely misses you.
The searing ray hits Ijyb.
Ijyb is moderately wounded.
The orc warrior closely misses you.
The searing ray hits Ijyb.
Ijyb is heavily wounded.
You finish channelling your searing ray.
The orc warrior hits you with a +0 war axe!
Unknown command.
Ijyb misses you.
The orc warrior hits you with a +0 war axe!!
* * * LOW HITPOINT WARNING * * *
You climb upwards.
There is a stone staircase leading down here.
Ijyb hits you with a +0 club.
* * * LOW HITPOINT WARNING * * *
The orc warrior throws a boomerang.
The boomerang hits you!
You die...

.####⌠.⌠####.<..#.####.## #. ##
####### #....#.......# #. .#
###.### #..#.........########. .#
#.# #....#.......'........ .# #.#
#.#.##.......####...##
.#####.#####...................+.
....##.......#....#####.####...##
....###......#..[.# #)#......+.
###.##########..@g# #.#.##...##
..)..............># #.#.##...##
###.##########..o.# #..........
#)# #....# #........## #)# #....#
#........+. #[#####
###########.......## #....<#
#.......# #[......## ###.#####
#.......# #.......## .....#
#.......###.......##


You could see an orc warrior and Ijyb.

Vanquished Creatures
  Pargi (Sewer)
  A black bear (D:5)
  2 ogres
  A scorpion (D:4)
  A jelly (D:5)
  A gnoll shaman (D:5)
  2 orc priests (D:4)
  2 hounds
  An iguana (D:4)
  An orc wizard (D:4)
  4 gnolls (D:5)
  5 adders
  3 river rats (D:4)
  A white imp (D:5)
  An adder skeleton (D:4)
  2 worms
  2 dart slugs
  22 orcs
  6 endoplasms
  5 goblins
  10 hobgoblins
  2 quokkas
  4 ball pythons
  10 bats
  2 frilled lizards
  8 kobolds
  9 rats
  A spectral goblin (D:1)
110 creatures vanquished.

Vanquished Creatures (others)
  6 fulminant prisms (D:5)
6 creatures vanquished.

Grand Total: 116 creatures vanquished

Notes
Turn   | Place    | Note
-------+----------+-------------------------------------------
     0 | D:1      | KamiKatze the Octopode Conjurer began the quest for the
                  | Orb.
     0 | D:1      | Reached XP level 1. HP: 11/11 MP: 3/3
   259 | D:1      | Reached XP level 2. HP: 17/17 MP: 0/5
   262 | D:1      | Learned a level 2 spell: Searing Ray
   615 | D:1      | Found a faded altar of an unknown god.
   838 | D:1      | Found Zymyd Byxti's Distillery.
   887 | D:1      | Reached XP level 3. HP: 21/21 MP: 0/6
  1776 | D:3      | Reached XP level 4. HP: 27/27 MP: 1/8
  1781 | D:3      | Learned a level 4 spell: Fulminant Prism
  2179 | D:3      | Reached XP level 5. HP: 31/31 MP: 4/9
  2532 | D:1      | Bought a potion of degeneration for 11 gold pieces
  2775 | D:4      | Identified a scroll of acquirement
  2815 | D:4      | Reached skill level 1 in Hexes
  2815 | D:4      | Reached skill level 1 in Translocations
  2870 | D:4      | Found a staircase to the Ecumenical Temple.
  2879 | D:4      | Reached skill level 5 in Conjurations
  2879 | D:4      | Reached XP level 6. HP: 9/36 MP: 0/10
  2884 | Temple   | Entered the Ecumenical Temple
  3183 | D:4      | Found a glowing drain.
  3188 | Sewer    | Entered a sewer
  3278 | Sewer    | Learned a level 4 spell: Iskenderun's Mystic Blast
  3292 | Sewer    | Noticed Pargi
  3309 | Sewer    | Killed Pargi
  3489 | D:4      | Found a hazy altar of Hepliaklqana.
  3807 | D:4      | Found the +2 ratskin cloak {*Rats rPois rN+ Str-1 Int-1
                  | Dex+1}
  3919 | D:4      | Reached XP level 7. HP: 41/41 MP: 7/12
  4391 | D:1      | Bought a potion of curing for 33 gold pieces
  4391 | D:1      | Bought a potion of heal wounds for 55 gold pieces
  4391 | D:1      | Acquired 999 gold pieces
  4393 | D:1      | Bought a potion of curing for 33 gold pieces
  4393 | D:1      | Bought a potion of heal wounds for 55 gold pieces
  4393 | D:1      | Bought a potion of heal wounds for 55 gold pieces
  4393 | D:1      | Bought a potion of magic for 88 gold pieces
  4393 | D:1      | Bought a potion of invisibility for 88 gold pieces
  4445 | D:5      | Entered Level 5 of the Dungeon
  4927 | D:5      | Reached XP level 8. HP: 46/46 MP: 8/14
  4988 | D:5      | Reached skill level 6 in Conjurations
  5061 | D:5      | Found an opulent altar of Gozag.
  5116 | D:5      | Noticed Ijyb
  5836 | D:4      | Hit by a boomerang thrown by an orc warrior

Illustrated notes

Levels and vault maps discovered:
D:1:      minmay_arrival_cross, layout_basic,
          dreamdust_ecumenical_altar_drowned_temple, serial_shops,
          nicolae_shop_stone, serial_bayou_pond_d
D:2:      layout_loops_ring
D:3:      layout_basic
D:4:      layout_basic, nicolae_hepliaklqana_hippocampus, temple_doors_e,
          portal_sewer_entry_e
D:5:      layout_basic, mainiacjoe_overflow_alcove_4,
          nicolae_figureground_sparkle, uniq_ijyb
Temple:   jpeg_temple_island

Skill      XL: |  1  2  3  4  5  6  7  8 |
---------------+-------------------------+-----
Stealth        | 3 4 |  4.0
Spellcasting   | 3 4 |  4.3
Hexes          | 1 2 3 |  3.5
Translocations | 1 2 3 |  3.4
Conjurations   | 5 6 |  6.0
Dodging        | 3 |  3.0

Action                   |  1- 3 |  4- 6 |  7- 9 || total
-------------------------+-------+-------+-------++-------
Melee: Dagger            |    13 |       |     1 ||    14
       Constrict         |     4 |     5 |     1 ||    10
       Tentacles         |     3 |     3 |     1 ||     7
       Short sword       |     5 |    16 |       ||    21
       Punch             |       |     1 |       ||     1
 Cast: Magic Dart        |    80 |    65 |    27 ||   172
       Searing Ray       |       |    17 |    13 ||    30
       Fulminant Prism   |       |       |     6 ||     6
       Iskenderun's Myst |       |       |     2 ||     2
  Use: Scroll            |       |     5 |     3 ||     8
       Potion            |       |     1 |       ||     1
Armor: Skin              |     2 |     1 |       ||     3
Dodge: Dodged            |    13 |    10 |    14 ||    37
